 Dungeon Crawl Stone Soup version 0.20-a0-967-g62cfa5d (webtiles) character file.

248778 Goblin1989 the Brawler (level 19, -10/172 HPs)
             Began as a Demonspawn Monk on Apr 7, 2017.
             Was a High Priest of Hepliaklqana.
             Shot with an arrow by a deep elf archer (17 damage)
             ... on level 1 of the Vaults.
             The game lasted 03:30:28 (60947 turns).

Goblin1989 the Brawler (Demonspawn Monk)           Turns: 60947, Time: 03:30:29

Health: -10/172    AC: 21    Str: 19    XL:     19   Next: 26%
Magic:  22/22      EV: 15    Int: 10    God:    Hepliaklqana [*****.]
Gold:   2078       SH: 16    Dex: 21    Spells: 18/18 levels left

rFire    + . .     SeeInvis .     - Unarmed
rCold    . . .     Gourm    +   u - +2 shield
rNeg     . . .     Faith    .   D - +0 plate armour
rPois    +         Spirit   .   (helmet unavailable)
rElec    +         Reflect  .   k - +2 cloak of Liberalism {rElec}
rCorr    .         Harm     .   n - +0 pair of gloves
MR       +....                  p - +0 pair of boots
Stlth    +++.......             z - amulet of the gourmand
Regen    0.4/turn               f - ring of protection from fire
MPRegen  0.2/turn               y - +4 ring of slaying {=R}

@: agile
A: reduced essence, horns 3, molten scales 2, deformed body, demonic guardian 2,
dopey 1, low mp 1, nightstalker 3, poison resistance, robust 2
}: 1/15 runes: serpentine
a: Recall Ancestor, Ancestor Identity, Transference, Idealise, Renounce Religion


You were on level 1 of the Vaults.
You worshipped Hepliaklqana.
Hepliaklqana was extremely pleased with you.
You were completely stuffed.

You visited 7 branches of the dungeon, and saw 31 of its levels.
You also visited: Labyrinth.

You collected 2630 gold pieces.
You spent 552 gold pieces at shops.

Inventory:

Missiles
 Z - 2 throwing nets {!d, =f}
Armour
 k - the +2 cloak of Liberalism (worn) {rElec}
   (You bought it in a shop on level 2 of the Orcish Mines)

   It insulates you from electricity.
 n - a +0 pair of gloves (worn)
 p - a +0 pair of boots (worn)
 u - a +2 shield (worn)
 D - a +0 plate armour (worn)
Jewellery
 a - a +3 ring of strength {unknown}
 c - an uncursed ring of protection from cold
 f - a ring of protection from fire (left hand)
 m - an uncursed ring of protection from magic
 s - an uncursed ring of see invisible
 y - a +4 ring of slaying (right hand) {=R}
 z - an amulet of the gourmand (around neck)
 G - the ring of Sovereignty {rN+ Stlth+}
   (You found it on level 5 of the Lair of Beasts)

   [ring of stealth]

   It protects you from negative energy.
   It makes you more stealthy.
Wands
 L - a wand of lightning (10/15)
Scrolls
 g - a scroll of silence
 l - 3 scrolls of fog
 r - 12 scrolls of remove curse {@r2}
 B - 4 scrolls of blinking
 E - 11 scrolls of enchant armour
 M - 5 scrolls of magic mapping
 N - 3 scrolls of fear
 R - 5 scrolls of identify {@r1}
 T - 3 scrolls of teleportation {!r, @r3}
 U - 3 scrolls of recharging
Potions
 b - 2 potions of cancellation
 d - 4 potions of agility
 h - a potion of might
 j - 6 potions of flight
 t - 2 potions of resistance
 w - a potion of ambrosia
 K - a potion of magic
 W - 3 potions of mutation
 X - 3 potions of berserk rage
 Y - 6 potions of curing {@q1}
Miscellaneous
 o - a fan of gales
 O - a phantom mirror
 Q - a sack of spiders
Comestibles
 e - 8 bread rations {@e1}
 i - 19 meat rations {@e2}
 q - 10 royal jellies
 v - 35 fruits
 x - 12 chunks of flesh


   Skills:
 + Level 15.7 Fighting
 + Level 13.8 Armour
 - Level 5.5 Dodging
 - Level 3.6 Stealth
 + Level 14.2 Shields
 * Level 19.4 Unarmed Combat
 - Level 8.1 Invocations


You had 18 spell levels left.
You didn't know any spells.

Dungeon Overview and Level Annotations

Branches:
Dungeon (15/15)            Temple (1/1) D:5            Lair (6/6) D:9
 Shoals (0/4) Lair:4        Snake (4/4) Lair:3        Slime (0/5) Lair:5
    Orc (2/2) D:9             Elf (0/3) Orc:2        Vaults (2/5) D:13
 Depths (1/5) D:15
  Crypt: Vaults:2-3

Altars:
Ashenzari
Cheibriados
Dithmenos
Elyvilon
Fedhas
Gozag
Hepliaklqana
Kikubaaqudgha
Makhleb
Nemelex Xobeh
Okawaru
Qazlal
Ru
Sif Muna
Trog
Uskayaw
Vehumet
Wu Jian
Xom
Yredelemnul
Zin
The Shining One
Jiyva

Shops:
D:7 *   D:10 }   D:14 *   Orc:2 %?[:[   Snake:2 (%   Snake:4 ?

Portals:
Pandemonium: Orc:2 Depths:1

Annotations:
Lair:1 exclusion: oklob plant
Vaults:2 Saint Roka


Innate Abilities, Weirdness & Mutations

You have a pair of large horns on your head.
You are mostly covered in molten scales. (AC +3)
A demonic guardian rushes to your aid.
You are completely attuned to the shadows.
Your life essence is reduced. (-10% HP)
Armour fits poorly on your strangely shaped body.
You are dopey. (Int -2)
Your magical capacity is low. (-10% MP)
Your system is resistant to poisons. (rPois)
You are very robust. (+20% HP)


Message History

The deep elf archer shoots an arrow.
The arrow hits your smoke demon!!
You take 1 damage, and have 116/172 hp.
You punch the vault guard! Your headbutt misses the vault guard.
The vault guard is moderately wounded.
The ironheart preserver seems less confused.
The wraith barely misses you.
Your ice devil hits the wraith!
Your ice devil freezes the wraith!
The wraith resists.
Your smoke demon gestures at the ironbrand convoker.
The ironbrand convoker is smitten.
The deep elf archer unwields an uncursed dagger.
The deep elf archer wields an uncursed shortbow.
The deep elf archer shoots an arrow.
You block the arrow.
You hit the wraith.
The wraith is heavily damaged.
The vault guard hits you with a war axe!
The vault guard hits your smoke demon with a war axe!
Your smoke demon dies!
The vault guard hits your ice devil but does no damage.
The ironbrand convoker closely misses your ice devil.
The two-headed ogre misses you. You block the two-headed ogre's attack.
The wraith hits you but does no damage.
The deep elf archer shoots an arrow.
The arrow hits your ice devil!!
Your ice devil dies!
You take 17 damage, and have 99/172 hp.
You are too injured to fight recklessly!
Unknown command.
You are too injured to fight recklessly!
Unknown command.
You are too injured to fight recklessly!
Unknown command.
You are too injured to fight recklessly!
Unknown command.
You are too injured to fight recklessly!
Unknown command.
You are too injured to fight recklessly!
You pummel the wraith!!
You destroy the wraith!
You barely miss the deep elf archer.
Your headbutt misses the deep elf archer.
The deep elf archer is heavily wounded.
The vault guard hits you with a war axe.
The two-headed ogre barely misses you.
The two-headed ogre hits you with a giant spiked club!!!
* * * LOW HITPOINT WARNING * * *
You take 38 damage, and have 61/172 hp.
MASSIVE DAMAGE!!
You hit the deep elf archer. You headbutt the deep elf archer.
The deep elf archer is severely wounded.
The deep elf archer blinks!
The ironheart preserver misses you.
The ironbrand convoker hits you but does no damage.
You hit the ironheart preserver.
The ironheart preserver is lightly wounded.
You block the vault guard's attack.
The ironbrand convoker casts a spell at the ironbrand convoker.
The ironbrand convoker seems to grow stronger.
The two-headed ogre misses you.
The two-headed ogre hits you but does no damage.
You pummel the ironheart preserver!! You headbutt the ironheart preserver!
The ironheart preserver is heavily wounded.
The deep elf archer points at you and mumbles some strange words.
You easily resist.
You block the ironheart preserver's attack.
The ironbrand convoker barely misses you.
You block the vault guard's attack.
You barely miss the ironheart preserver.
Your headbutt misses the ironheart preserver.
The ironheart preserver is heavily wounded.
The deep elf archer unwields an uncursed shortbow.
The deep elf archer wields an uncursed short sword.
You block the deep elf archer's attack.
The ironbrand convoker hits you with a dire flail!
* * * LOW HITPOINT WARNING * * *
You block the two-headed ogre's attack.
The two-headed ogre hits you with a giant spiked club!!
* * * LOW HITPOINT WARNING * * *
You take 41 damage, and have 20/172 hp.
MASSIVE DAMAGE!!
You punch the ironheart preserver! You headbutt the ironheart preserver.
The ironheart preserver is severely wounded.
The ironheart preserver hits you with a great mace!
* * * LOW HITPOINT WARNING * * *
The ironbrand convoker gestures at the deep elf archer while chanting.
The deep elf archer seems to grow stronger.
You block the vault guard's attack.
The deep elf archer blinks!
You take 14 damage, and have 6/172 hp.
As you read the scroll of fear, it crumbles to dust.
You assume a fearsome visage.
The vault guard looks frightened!
The ironheart preserver looks frightened!
The deep elf archer looks frightened!
The ironbrand convoker looks frightened! x2
The two-headed ogre looks frightened!
The deep elf archer blinks!
The ironbrand convoker cries, "Help meeeeeeee!"
The ironheart preserver casts a spell.
The ironheart preserver is healed somewhat.
Unknown command.
The deep elf archer blinks!
The ironheart preserver mumbles some strange words.
The ironheart preserver is healed somewhat.
Things that are here:
an arbalest; 15 bolts; a yaktaur corpse The deep elf archer shoots an arrow.
The arrow hits you!
You die...

.█ .. . ..█
.p██.█..███
.██.(█......
.p..()).....
.O.)(p@§.█..
.█████.(█e..
█..e█..█
█...█..█ ...
█..█...███∆∆██
██..█...█......
█....█..█......
█....█..█).....
█...█..)█))....


You could see an ironheart preserver (fleeing), 2 deep elf archers and an
ironbrand convoker (fleeing).

Vanquished Creatures
  Rupert (D:14)
  A sphinx (Vaults:2)
  Gastronok (D:8)
  Kirke (Lair:4)
  10 nagarajas
  A frost giant (Depths:1)
  A vault warden (Vaults:1)
  A ghoul (Vaults:1)
  2 ironheart preservers (Vaults:1)
  2 very ugly things
  Nessos (Lair:5)
  2 stone giants
  3 deep elf demonologists (Vaults:1)
  The ghost of pedritolo the Frost Mage, a journeyman DgIE (Orc:2)
  2 spark wasps (D:15)
  Snorg (Lair:5)
  2 ettins (Depths:1)
  2 fire dragons
  Josephine (D:13)
  A great orb of eyes (Vaults:1)
  6 hydras
  2 rakshasas
  13 naga warriors
  A vault guard (Vaults:1)
  The ghost of Kokiki the Nimble, a journeyman MfBe of Trog (D:12)
  An ice dragon (Vaults:1)
  13 anacondas
  A death knight (Vaults:1)
  4 centaur warriors
  A catoblepas (Lair:3)
  11 two-headed ogres
  An ogre mage (D:15)
  A deep troll shaman (D:15)
  A deep troll earth mage (Vaults:1)
  A tengu warrior (D:15)
  4 death yaks (Lair:4)
  14 naga sharpshooters
  4 orc high priests (Orc:2)
  8 shock serpents
  A deep elf knight (Vaults:1)
  A fire crab (Lair:4)
  2 iron trolls (D:15)
  3 salamander mystics
  10 deep trolls
  An infernal demonspawn (Orc:2)
  A flayed ghost (Vaults:1)
  A gelid demonspawn (Orc:2)
  8 sea snakes (Snake:4)
  An unseen horror (shapeshifter) (D:15)
  3 deep elf archers (Vaults:1)
  A torturous demonspawn (Orc:2)
  A wizard (Vaults:1)
  A glowing orange brain (D:15)
  3 unseen horrors
  8 naga ritualists
  5 deep elf magi (Vaults:1)
  A wolf spider zombie (D:15)
  11 orc knights
  2 lindwurms
  2 ironbrand convokers (Vaults:1)
  15 mana vipers
  3 cyclopes
  8 orc sorcerers
  20 ugly things
  5 centaur zombies
  12 salamanders
  A wolf spider (Vaults:1)
  8 elephants
  A rust devil (Orc:2)
  10 guardian serpents
  10 naga magi
  2 merfolk sirens (Lair:4)
  5 spiny frogs
  3 vault sentinels (Vaults:1)
  39 black mambas
  2 torpor snails
  2 gargoyles
  A human zombie (Vaults:1)
  3 rime drakes (Lair:3)
  3 molten gargoyles (Lair:6)
  An efreet (D:15)
  2 freezing wraiths (Vaults:1)
  10 komodo dragons
  A rime drake (shapeshifter) (Vaults:2)
  10 yaktaurs (Vaults:1)
  3 minotaur zombies (Lab)
  A yaktaur skeleton (Vaults:1)
  2 merfolk (Lair:4)
  A red devil (Orc:2)
  6 trolls
  A jumping spider (shapeshifter) (D:13)
  A polar bear (Lair:6)
  A polar bear (shapeshifter) (Vaults:1)
  A wind drake (shapeshifter) (D:15)
  Grinder (D:4)
  A hornet (Vaults:1)
  22 slime creatures
  A blink frog (shapeshifter) (D:15)
  8 blink frogs
  9 dream sheep
  A fire giant simulacrum (Vaults:1)
  12 hippogriffs
  6 wraiths
  3 wyverns
  A vampire (D:14)
  4 shadows
  2 hogs (Lair:4)
  24 yaks
  A basilisk (shapeshifter) (Vaults:1)
  6 basilisks
  2 chaos spawn (Orc:2)
  A human simulacrum (Vaults:1)
  2 hungry ghosts
  3 wargs
  60 nagas
  4 acid dragons
  8 porcupines
  12 water moccasins
  A hell hound (Lair:6)
  An ogre skeleton (Vaults:1)
  40 orc warriors
  An eye of draining (D:9)
  2 sky beasts
  An ice beast (D:10)
  A black bear (D:6)
  An ettin simulacrum (Vaults:1)
  2 phantoms
  15 ogres
  A tengu (shapeshifter) (D:15)
  2 necrophages
  10 wolves
  6 centaurs
  9 crocodiles
  A hexer (D:15)
  5 big kobolds
  13 bullfrogs
  2 gnoll sergeants (D:9)
  A water moccasin zombie (D:5)
  A wyvern skeleton (D:7)
  4 scorpions
  12 killer bees
  7 wights
  A howler monkey (D:6)
  An electric eel (D:7)
  7 crimson imps
  4 lava snakes (Lair:6)
  2 quasits
  A bullfrog zombie (D:12)
  5 jellies
  Crazy Yiuf (D:6)
  31 orc priests
  4 hounds
  30 orc wizards
  A bullfrog skeleton (D:4)
  3 centaur skeletons
  7 iguanas
  10 worker ants
  A hound skeleton (D:9)
  A worker ant zombie (D:10)
  14 gnolls
  A howler monkey skeleton (D:7)
  20 adders
  2 shadow imps
  An ooze (D:1)
  2 adder skeletons
  4 worms
  4 dart slugs
  9 leopard geckos
  88 orcs
  10 giant cockroaches
  6 hobgoblins
  7 jackals
  6 quokkas
  2 ball pythons
  7 bats
  6 frilled lizards
  8 goblins
  25 kobolds
  A leopard gecko skeleton (D:9)
  A quokka skeleton (D:8)
  4 rats
1057 creatures vanquished.

Vanquished Creatures (collateral kills)
  2 nagarajas
  2 vault wardens (Vaults:1)
  2 ironheart preservers (Vaults:1)
  A very ugly thing (Depths:1)
  A deep elf annihilator (Vaults:1)
  A fire dragon (D:13)
  A minotaur (Lab)
  A great orb of eyes (Vaults:1)
  3 hydras
  5 naga warriors
  An ice dragon (Depths:1)
  4 anacondas
  6 two-headed ogres
  An ogre mage (Vaults:1)
  A deep troll shaman (Vaults:1)
  A tengu warrior (D:14)
  3 naga sharpshooters
  A shock serpent (Snake:3)
  Sonja (D:13)
  An iron troll (D:15)
  A sea snake (Snake:3)
  2 deep trolls (Vaults:1)
  3 naga ritualists
  2 unseen horrors
  A necromancer (D:13)
  2 deep elf magi (Vaults:1)
  Pikel (D:4)
  An ironbrand convoker (Vaults:1)
  9 mana vipers
  4 orc knights
  2 ugly things (Vaults:1)
  2 orc sorcerers
  2 cyclopes
  3 manticores
  2 salamanders
  9 naga magi
  7 black mambas
  A merfolk siren (Lair:4)
  The ghost of sqweez the Chopper, a novice MiBe of Trog (D:5)
  A gargoyle (D:12)
  A guardian serpent (Snake:3)
  2 elephants
  2 spiny frogs
  A kobold demonologist (D:13)
  7 komodo dragons
  2 efreet
  2 ice devils (Orc:2)
  A troll (Orc:2)
  A meliai (shapeshifter) (D:13)
  4 blink frogs
  10 slime creatures
  4 dream sheep
  5 hippogriffs
  5 yaks
  4 wraiths
  A hog (Lair:4)
  2 basilisks
  15 nagas
  2 wargs
  4 water moccasins
  2 hell hounds (Lair:6)
  2 porcupines (Lair:3)
  6 orc warriors
  A slave (D:4)
  A black bear (D:6)
  2 sky beasts
  3 wolves
  4 ogres
  3 crocodiles
  3 big kobolds
  3 bullfrogs
  2 scorpions (D:7)
  2 killer bees
  A wight (D:9)
  A lava snake (Lair:6)
  4 orc priests
  4 orc wizards
  3 adders
  2 gnolls
  A shadow imp (D:5)
  2 leopard geckos
  27 orcs
  3 kobolds
  A quokka (D:7)
  A frilled lizard (D:5)
254 creatures vanquished.

Vanquished Creatures (others)
  A naga warrior (Snake:3)
  A yaktaur (Vaults:1)
  A crimson imp (D:6)
  29 hexers
  An adder (D:3)
  2 orcs
  A quokka (D:5)
  31 fungi
  17 plants
  8 toadstools (Lair:3)
92 creatures vanquished.

Grand Total: 1403 creatures vanquished

Notes
Turn   | Place    | Note
-------+----------+-------------------------------------------
     0 | D:1      | Goblin1989 the Demonspawn Monk began the quest for the Orb.
     0 | D:1      | Reached XP level 1. HP: 19/19 MP: 1/1
   216 | D:1      | Reached skill level 1 in Unarmed Combat
   363 | D:1      | Gained mutation: A weak demonic guardian rushes to your aid. [demonic ancestry]
   363 | D:1      | Reached XP level 2. HP: 18/25 MP: 2/2
   619 | D:1      | Reached skill level 2 in Unarmed Combat
   857 | D:1      | Reached XP level 3. HP: 30/30 MP: 3/3
  1472 | D:2      | Reached skill level 3 in Unarmed Combat
  1593 | D:2      | Gained mutation: You are partially covered in molten scales. (AC +2) [demonic ancestry]
  1593 | D:2      | Reached XP level 4. HP: 37/37 MP: 4/4
  2032 | D:2      | Found a white marble altar of Elyvilon.
  2649 | D:3      | Noticed a hippogriff
  2654 | D:3      | Killed a hippogriff
  2654 | D:3      | Reached skill level 1 in Shields
  2654 | D:3      | Reached skill level 4 in Unarmed Combat
  2654 | D:3      | Gained mutation: You are slightly more attuned to the shadows. [demonic ancestry]
  2654 | D:3      | Reached XP level 5. HP: 20/42 MP: 5/5
  2995 | D:3      | Reached XP level 6. HP: 46/49 MP: 6/6
  3747 | D:4      | Noticed Pikel
  3750 | D:4      | Noticed a slave
  3750 | D:4      | Noticed a slave
  3756 | D:4      | Noticed a slave
  3847 | D:4      | Noticed a slave
  4226 | D:4      | Noticed Grinder
  4266 | D:4      | Found a bloodstained altar of Trog.
  4314 | D:4      | Reached skill level 5 in Unarmed Combat
  4516 | D:5      | Entered Level 5 of the Dungeon
  4520 | D:5      | Noticed sqweez's ghost (novice MiBe)
  4683 | D:4      | Killed a slave
  4874 | D:3      | Reached XP level 7. HP: 49/55 MP: 7/7
  4974 | D:4      | Found an opulent altar of Gozag.
  4977 | D:4      | Found a glowing silver altar of Zin.
  4977 | D:4      | Found a shimmering altar of Xom.
  4980 | D:4      | Found a sparkling altar of Nemelex Xobeh.
  5010 | D:4      | Found a bloodstained altar of Trog.
  5314 | D:5      | Gained mutation: Armour fits poorly on your strangely shaped body. [mutagenic meat]
  5315 | D:5      | Gained mutation: You are robust. (+10% HP) [mutagenic meat]
  5316 | D:5      | Gained mutation: Your magical capacity is low. (-10% MP) [mutagenic meat]
  5317 | D:5      | Gained mutation: You are dopey. (Int -2) [mutagenic meat]
  5318 | D:5      | Gained mutation: Your system is resistant to poisons. (rPois) [mutagenic meat]
  5319 | D:5      | Gained mutation: You are very robust. (+20% HP) [mutagenic meat]
  5634 | D:5      | Found a bloodstained altar of Trog.
  5636 | D:5      | Found a staircase to the Ecumenical Temple.
  5644 | Temple   | Entered the Ecumenical Temple
  5880 | Temple   | Became a worshipper of Hepliaklqana the Forgotten
  5880 | Temple   | Reached * piety under Hepliaklqana
  5880 | Temple   | Reached ** piety under Hepliaklqana
  5881 | Temple   | Remembered your ancestor Cipactli as a hexer
  6030 | D:5      | Reached skill level 5 in Fighting
  6477 | D:6      | Reached skill level 6 in Unarmed Combat
  6533 | D:6      | Found an ancient bone altar of Kikubaaqudgha.
  6656 | D:6      | Reached skill level 5 in Dodging
  6656 | D:6      | Gained mutation: You have a pair of small horns on your head. [demonic ancestry]
  6656 | D:6      | Reached XP level 8. HP: 62/68 MP: 7/7
  6899 | D:5      | Killed sqweez's ghost
  6899 | D:5      | Reached skill level 7 in Unarmed Combat
  7103 | D:4      | Killed Pikel
  7103 | D:4      | Reached skill level 1 in Armour
  7103 | D:4      | Reached XP level 9. HP: 29/75 MP: 8/8
  7438 | D:4      | Killed Grinder
  7890 | D:6      | Found a runed door.
  8374 | D:6      | Noticed Crazy Yiuf
  8380 | D:6      | Killed Crazy Yiuf
  8437 | D:7      | Reached *** piety under Hepliaklqana
  8521 | D:7      | Reached skill level 8 in Unarmed Combat
  8530 | D:7      | Found Liawk's Assorted Antiques.
  8563 | D:7      | Bought a scroll labeled WOILOI GISINK for 29 gold pieces
  8563 | D:7      | Bought a forked fluorescent wand for 116 gold pieces
  8563 | D:7      | Bought a scroll labeled WIXTUQ XAHUOTS for 29 gold pieces
  8668 | D:7      | Found a snail-covered altar of Cheibriados.
  9085 | D:7      | Reached skill level 5 in Shields
  9724 | D:8      | Noticed Gastronok
  9785 | D:8      | Gained mutation: You have a pair of horns on your head. [demonic ancestry]
  9785 | D:8      | Reached XP level 10. HP: 62/86 MP: 9/9
  9787 | D:8      | Reached skill level 9 in Unarmed Combat
 10163 | D:9      | Noticed a two-headed ogre
 10245 | D:9      | Noticed a two-headed ogre
 10525 | D:8      | Reached **** piety under Hepliaklqana
 10612 | D:8      | Noticed a two-headed ogre
 10621 | D:8      | Killed a two-headed ogre
 10818 | D:8      | Killed Gastronok
 10818 | D:8      | Reached skill level 10 in Unarmed Combat
 11105 | D:9      | Killed a two-headed ogre
 11105 | D:9      | Reached skill level 5 in Armour
 11273 | D:9      | Found a staircase to the Orcish Mines.
 11293 | D:9      | Reached XP level 11. HP: 66/95 MP: 9/9
 11548 | D:9      | Killed a two-headed ogre
 12044 | D:9      | Found a staircase to the Lair.
 12178 | D:9      | Reached skill level 1 in Invocations
 12517 | D:10     | Entered Level 10 of the Dungeon
 12601 | D:10     | Reached skill level 11 in Unarmed Combat
 13033 | D:10     | Reached ***** piety under Hepliaklqana
 13062 | D:10     | Found Otaam's Gadget Shop.
 13446 | D:11     | Killed an unseen horror
 13494 | D:11     | Noticed a cyan ugly thing
 13530 | D:11     | Killed a cyan ugly thing
 14160 | D:12     | Noticed a purple ugly thing
 14227 | D:12     | Killed a purple ugly thing
 14306 | D:12     | Noticed Kokiki's ghost (journeyman MfBe)
 14314 | D:12     | Killed Kokiki's ghost
 14741 | D:12     | Noticed a two-headed ogre
 14751 | D:12     | Killed a two-headed ogre
 14976 | D:12     | Killed an unseen horror
 15017 | D:11     | Gained mutation: A demonic guardian rushes to your aid. [demonic ancestry]
 15017 | D:11     | Reached XP level 12. HP: 90/105 MP: 13/13
 15529 | D:13     | Noticed a two-headed ogre
 15534 | D:13     | Killed a two-headed ogre
 15589 | D:13     | Noticed a centaur warrior
 15594 | D:13     | Killed a centaur warrior
 15594 | D:13     | Reached skill level 5 in Invocations
 15736 | D:13     | Noticed Josephine
 15747 | D:13     | Killed Josephine
 15747 | D:13     | Reached skill level 12 in Unarmed Combat
 16174 | D:13     | Noticed a two-headed ogre
 16176 | D:13     | Reached skill level 10 in Fighting
 16179 | D:13     | Killed a two-headed ogre
 16220 | D:13     | Noticed a fire dragon
 16233 | D:13     | Killed a fire dragon
 16367 | D:13     | Noticed Sonja
 16383 | D:13     | Killed Sonja
 16907 | D:13     | Found a gate to the Vaults.
 17648 | Lair:1   | Entered Level 1 of the Lair of Beasts
 18215 | Lair:1   | Gained mutation: You are mostly covered in molten scales. (AC +3) [demonic ancestry]
 18215 | Lair:1   | Reached XP level 13. HP: 102/114 MP: 16/16
 19137 | Lair:2   | Found a labyrinth entrance.
 19154 | Lab      | Entered a labyrinth
 19428 | Lab      | Noticed a minotaur
 19440 | Lab      | Killed a minotaur
 19872 | Lair:2   | Reached skill level 13 in Unarmed Combat
 20826 | Lair:3   | Found a staircase to the Snake Pit.
 21586 | Lair:3   | Found a runed door.
 22603 | Lair:4   | Reached ****** piety under Hepliaklqana
 22636 | Lair:4   | Found a staircase to the Shoals.
 23180 | Lair:4   | Noticed Kirke
 23231 | Lair:4   | Killed Kirke
 23600 | Lair:4   | Gained mutation: You are significantly more attuned to the shadows. [demonic ancestry]
 23600 | Lair:4   | Reached XP level 14. HP: 78/124 MP: 18/18
 24112 | Lair:5   | Noticed Snorg
 24118 | Lair:5   | Killed Snorg
 24118 | Lair:5   | Reached skill level 14 in Unarmed Combat
 24164 | Lair:5   | Got a flickering platinum ring
 24166 | Lair:5   | Identified the ring of Sovereignty {rN+ Stlth+} (You found it on level 5 of the Lair of Beasts)
 24482 | Lair:5   | Noticed Nessos
 24489 | Lair:5   | Killed Nessos
 24753 | Lair:5   | Found a viscous altar of Jiyva.
 24753 | Lair:5   | Found a staircase to the Slime Pits.
 25222 | Lair:6   | Entered Level 6 of the Lair of Beasts
 25477 | Lair:6   | Reached skill level 10 in Shields
 26735 | Lair:6   | Found a large runed door.
 26737 | Lair:6   | Found a large runed door.
 27060 | Lair:5   | Wingboner: Ня.
 27154 | D:9      | Goblin1989: приветы
 27159 | D:9      | Goblin1989: монков опять переделали
 27197 | Orc:1    | Entered Level 1 of the Orcish Mines
 27197 | Orc:1    | Wingboner: Уже после того как оружие отобрали?
 27204 | D:9      | Goblin1989: не
 27204 | D:9      | Goblin1989: я про то и говорю - оружие отобрали
 27204 | D:9      | Goblin1989: я просто давно монков в транке не выбирал
 27360 | D:9      | Wingboner: Стой.
 27361 | D:9      | Wingboner: Ну уже пофиг.
 27361 | D:9      | Goblin1989: ?
 27361 | D:9      | Wingboner: А тогда можно было трансфернуть его нафиг.
 27361 | D:9      | Wingboner: И уйти по лестнице.
 27361 | D:9      | Goblin1989: чет не подумал
 27361 | D:9      | Wingboner: Или тьфу, я тебя с петом перепутал.
 27361 | D:9      | Wingboner: И сейчас можно.
 27361 | D:9      | Wingboner: Думал, что это до тебя 1 клетка уже есть.
 27366 | D:9      | Wingboner: Так что можно сейчас фигануть трансфер рыцаря с петом и уйти.
 27367 | D:9      | Wingboner: Ну или так, кек.
 27439 | D:9      | Goblin1989: +4 слай
 27736 | Orc:1    | Wingboner: ...
 27744 | Orc:1    | Wingboner: Я просрал чара с больше 10 слея.
 27746 | Orc:1    | Wingboner: ОЧЕНЬ тупо.
 27746 | Orc:1    | Wingboner: Годный был чар...
 27746 | Orc:1    | Goblin1989: я вчера своего кота убил, который с дитменосом был :(
 27757 | D:9      | Wingboner: !log xenobreeder ko xl>15
 27757 | D:9      | beem: 7. casual, XL24 KoTm, T:61568: http://crawl.xtahua.com/crawl/morgue/casual/morgue-casual-20170404-115115.txt
 27757 | D:9      | Wingboner: Ещё и молился двум богам.
 27757 | D:9      | Wingboner: 16 слея...
 27757 | D:9      | Wingboner: !lg xenobreeder ko xl>15 x=tdam
 27757 | D:9      | beem: 7. [tdam=54] casual the Aerator (L24 KoTm of Cheibriados), mangled by an Ice Fiend (summoned by an ancient lich) on Crypt:5 (quadcrypt_mu) on 2017-04-04 11:51:15, with 394571 points after 61568 turns and 2:42:47.
 27757 | D:9      | Wingboner: Вот вообще не ожидал на том ходу получить 54 урона.
 27757 | Orc:1    | Wingboner: Куча спасалок...
 27792 | D:10     | Wingboner: Вообще берсеркать с Че это жесть.
 27844 | D:13     | Wingboner: Машина убийства.
 27844 | D:13     | Goblin1989: ага
 27844 | D:13     | Goblin1989: был у меня один демонспавн с зерком 3
 27844 | D:13     | Goblin1989: я не особо парясь прошел до д15 никуда не заходя больше
 27888 | D:14     | Found Byquv's Assorted Antiques.
 27897 | D:14     | Bought a scroll labeled YCAISA VILIDE for 28 gold pieces
 27897 | D:14     | Bought a scroll of identify for 56 gold pieces
 27902 | D:14     | Wingboner: !lg xenobreeder ds che won nrune=4
 27902 | D:14     | beem: 4. casual the Anemomancer (L27 DsFE of Cheibriados), escaped with the Orb and 4 runes on 2017-02-05 22:03:19, with 2033845 points after 97292 turns and 4:16:25.
 27902 | D:14     | Wingboner: !lg xenobreeder ds che won nrune=4 -2
 27903 | D:14     | beem: 3/4. casual the Anemomancer (L27 DsTm of Cheibriados), escaped with the Orb and 4 runes on 2016-12-21 03:55:52, with 2013971 points after 96684 turns and 4:02:34.
 27905 | D:14     | Wingboner: !lg xenobreeder ds che won nrune=4 -2 -log
 27928 | D:14     | beem: 3/4. casual, XL27 DsTm, T:96684: https://underhound.eu:81/crawl/morgue/casual/morgue-casual-20161221-035552.txt
 27980 | D:14     | Wingboner: !lg xenobreeder ds che won nrune=4 -3 -log
 27980 | D:14     | beem: 2/4. casual, XL27 DsTm, T:54368: https://underhound.eu:81/crawl/morgue/casual/morgue-casual-20160526-014330.txt
 27995 | D:14     | Wingboner: Да, вот этот.
 28006 | D:14     | Wingboner: Сделал DUHZ и был забанен на зот5 через MR+++
 28166 | D:14     | Wingboner: Не заходил в L, O, V, P.
 28169 | D:14     | Wingboner: ??duhzlite
 28170 | D:14     | beem: I don't have a page labeled duhzlite in my learndb.
 28241 | D:14     | Goblin1989: я знаю про духэ
 28241 | D:14     | Goblin1989: его недавно педритоло делал тролем-файтором окавару
 28314 | D:14     | Found a sacrificial altar of Ru.
 28333 | D:14     | Found a basalt altar of Yredelemnul.
 28732 | D:14     | Wingboner: Меня прикалывает один игорёк, который по мумо упоролся.
 28765 | D:14     | Goblin1989: щито там, играть не умеет?
 28766 | D:14     | Wingboner: !lg filthyanthrofutacelestialover /mumo
 28768 | D:14     | beem: 4329/6614 games for filthyanthrofutacelestialover: N=4329/6614 (65.45%)
 28799 | D:14     | Wingboner: Он сделал в нетхаке победу со всеми обетами, а здесь вот упёрся.
 28799 | D:14     | Goblin1989: ничего так сделал игр за него
 28799 | D:14     | Wingboner: Прикинь четыре тыщи мумо убить.
 28799 | D:14     | Goblin1989: может от аутист?
 28799 | D:14     | Goblin1989: такое упорсто это уже патология
 28965 | D:14     | Noticed Rupert
 28967 | D:14     | Wingboner: Ну, вроде более-менее вменяемый в общении.
 28984 | D:14     | Goblin1989: так аутизм не дебилизм ведь
 28984 | D:14     | Goblin1989: у них склад ума несколько ненормальный
 29009 | D:14     | Killed Rupert
 29009 | D:14     | Reached skill level 15 in Unarmed Combat
 29309 | D:14     | Found a sacrificial altar of Ru.
 29908 | Orc:1    | Gained mutation: You are completely attuned to the shadows. [demonic ancestry]
 29908 | Orc:1    | Reached XP level 15. HP: 116/134 MP: 18/18
 30094 | Orc:1    | Goblin1989: хм
 30094 | Orc:1    | Wingboner: Так-то и у нас в треде был упоротый, рунволш.
 30094 | Orc:1    | Wingboner: Он собрал все фиксарты и красиво разложил в предбаннике ада.
 30094 | Orc:1    | Goblin1989: нужно сделать настройку чтобы в логе писалось на каком уровне какие мутации демонспавн получает
 30157 | Orc:1    | Wingboner: Так пишется же вроде.
 30157 | Orc:1    | Wingboner: ?:
 30158 | Orc:1    | Wingboner: Ты видимо не те кнопки нажал, но тут тоже пишется, да.
 30158 | Orc:1    | Wingboner:
   363 | D:1      | Gained mutation: A weak demonic guardian rushes to your aid. [demonic ancestry]
 30158 | Orc:1    | Goblin1989: а, точно
 30158 | Orc:1    | Goblin1989: последняя тоже есть
 30214 | Orc:1    | Wingboner: Срать мне синими перьями, у меня нож яда, форма паука и блоуган, других источников нормального урона нет... И сраный Эдмунд в броне с резистом. Хорошо хоть убежать могу.
 30303 | Orc:1    | Goblin1989: хехе
 30324 | Orc:1    | Goblin1989: кстати я так на двачах дред найти и не могу кроуловский
 30339 | Orc:1    | Wingboner: Он утонул.
 30354 | Orc:1    | Goblin1989: ... и не всплыл
 30501 | Orc:1    | Wingboner: Как Путин про Курск сказал.
 30686 | Orc:1    | Goblin1989: лол как ты это помнишь
 30686 | Orc:1    | Goblin1989: я вообще не помню что тогда про него говорили
 30686 | Orc:1    | Goblin1989: мелкий был можно сказать
 30686 | Orc:1    | Goblin1989: у меня другие проблемы были
 30686 | Orc:1    | Wingboner: Ну, у него спросили, что случилось с подлодкой. Гениальный ответ: "она утонула". Всё.
 30686 | Orc:1    | Goblin1989: мне телки давать не хотели
 30686 | Orc:1    | Goblin1989: ну а что еще сказать
 30686 | Orc:1    | Goblin1989: его подняли-то поле этого не скоро
 30721 | Orc:2    | Entered Level 2 of the Orcish Mines
 30795 | Orc:2    | Goblin1989: опа
 30795 | Orc:2    | Goblin1989: хеллорки!
 30795 | Orc:2    | Goblin1989: сейчас узнаем чтьи демоны сильнее
 30797 | Orc:2    | Wingboner: Или пан.
 30798 | Orc:2    | Goblin1989: ну да, панорки
 30814 | Orc:2    | Wingboner: Просто есть и ад и пан.
 30851 | Orc:2    | Noticed pedritolo's ghost (journeyman DgIE)
 30852 | Orc:2    | Wingboner: Типа, упс.
 30852 | Orc:2    | Wingboner: Отморозок.
 30852 | Orc:2    | Goblin1989: !lg pedritolo dgie place o:2 -log
 30852 | Orc:2    | beem: No keyword 'o:2'
 30852 | Orc:2    | Goblin1989: !lg pedritolo dgie place orc:2 -log
 30852 | Orc:2    | beem: 1. pedritolo, XL13 DgIE, T:31513: http://crawl.xtahua.com/crawl/morgue/pedritolo/morgue-pedritolo-20170406-214657.txt
 30869 | Orc:2    | Killed pedritolo's ghost
 30960 | Orc:2    | Found Heireqot's Antique Armour Shoppe.
 31040 | Orc:2    | Reached skill level 10 in Armour
 31545 | Orc:2    | Found Ugri's Magic Scroll Emporium.
 31634 | Orc:2    | Found Awuaduur's Food Shoppe.
 33099 | Orc:2    | Found Yloinan's Book Shop.
 33099 | Orc:2    | Found a one-way gate leading to the halls of Pandemonium.
 33099 | Orc:2    | Found Qyptio's Antique Armour Boutique.
 33247 | Orc:2    | Bought a steaming cloak for 294 gold pieces
 33257 | Orc:2    | Identified the +2 cloak of Liberalism {rElec} (You bought it in a shop on level 2 of the Orcish Mines)
 33260 | Orc:2    | Goblin1989: о, релек нашел
 33260 | Orc:2    | Goblin1989: жить можно
 33375 | Orc:2    | Found a staircase to the Elven Halls.
 33444 | Orc:2    | Wingboner: Ну, жить и выигрывать и без него можно.
 33464 | Orc:2    | Goblin1989: не знаю, меня всегда расстраивает его отсутствие
 33733 | D:15     | Entered Level 15 of the Dungeon
 34365 | D:15     | Wingboner: Эх, а когда-то было заклинание изоляции.
 34366 | D:15     | Wingboner: Которое давало рЭлек.
 34379 | D:15     | Wingboner: И другое заклинание продления, которое продлевало все баффы =)
 34381 | D:14     | Wingboner: А сейчас рЭлек остался на статуе только.
 34381 | D:14     | Goblin1989: это в каких версиях еще?
 34381 | D:14     | Goblin1989: я его не помню уже
 35445 | D:15     | Reached skill level 16 in Unarmed Combat
 35838 | D:15     | Found a staircase to the Depths.
 36381 | Snake:1  | Entered Level 1 of the Snake Pit
 36709 | Snake:1  | Reached XP level 16. HP: 134/144 MP: 19/19
 38241 | Snake:2  | Goblin1989: по спящим и сконфуженым противникам урон он кулаков больше идет?
 39665 | Snake:2  | Found Voumoi's Antique Weapon Shoppe.
 39983 | Snake:2  | Found Ecricukh's Food Shoppe.
 39984 | Snake:2  | Wingboner: Ну да, это ж стаб.
 39984 | Snake:2  | Wingboner: Не помню, в каких, но давно.
 40069 | Snake:1  | Goblin1989: лан, обедать побежал
 40069 | Snake:1  | Goblin1989: удачи
 40069 | Snake:1  | Upgraded the game from 0.20-a0-959-gdc9e609 to 0.20-a0-967-g62cfa5d
 40096 | Snake:2  | Identified the Volume of Snow and Toxins
 41352 | Snake:3  | Reached skill level 17 in Unarmed Combat
 41983 | Snake:3  | Found a runed door.
 43228 | Snake:4  | Entered Level 4 of the Snake Pit
 43228 | Snake:4  | Found Plog's Magic Scroll Shop.
 43237 | Snake:4  | Reached XP level 17. HP: 113/152 MP: 8/20
 47302 | Snake:4  | Reached skill level 18 in Unarmed Combat
 48367 | Snake:4  | Found Plog's Magic Scroll Shop.
 49631 | Snake:4  | Got a serpentine rune of Zot
 49819 | Snake:4  | Gained mutation: You have a pair of large horns on your head. [demonic ancestry]
 49819 | Snake:4  | Reached XP level 18. HP: 133/162 MP: 21/21
 50235 | Vaults:1 | Entered Level 1 of the Vaults
 50257 | D:13     | HP: 8/162 [orc knight/enchanted glaive (20)]
 52065 | Vaults:1 | Reached skill level 15 in Fighting
 52587 | Vaults:1 | Noticed an Ice Fiend
 53887 | Depths:1 | Entered Level 1 of the Depths
 56840 | Vaults:1 | Reached skill level 19 in Unarmed Combat
 59093 | Vaults:2 | Noticed Saint Roka
 59536 | Vaults:2 | Reached XP level 19. HP: 148/171 MP: 22/22
 60944 | Vaults:1 | HP: 6/172 [ironheart preserver/great mace (14)]
 60947 | Vaults:1 | Shot with an arrow by a deep elf archer

Vault maps used:
D:1:      dpeg_arrival_boxorama
D:2:      marbit_many_paths
D:3:      first_bread
D:4:      grunt_temple_overflow_open, kennysheep_little_box, st_stairs_5,
          trog_hazing_becter, uniq_pikel, uniq_grinder
D:5:      minmay_temple_entry_mist, bloody_trog
D:6:      basic_altar, uniq_crazy_yiuf_cottage
D:7:      cheibriados_altar_1, serial_shops, nicolae_shop_waterfront,
          grunt_ogre_cave, minivault_14, minmay_holes, grunt_ministairs_15
D:8:      uniq_gastronok
D:9:      lair_entry_dummy, kennysheep_orc_monster_closet_entryway
D:10:     serial_shops, nicolae_shop_temple_entry_statues_fountains
D:11:     billiards_dpeg
D:13:     david_vaults_4, uniq_josephine, uniq_sonja
D:14:     serial_shops, shop_fountains, basic_altar,
          nicolae_ru_the_path_less_chosen, yredelemnul_altar_generic,
          uniq_rupert
D:15:     gammafunk_enter_depths_forms, nrook_mini_backslash
Temple:   regret_index_temple_generic_petals
Lair:1:   lemuel_fruit_tree, infiniplex_staircase_pool_2,
          minmay_lair_oklob_chamber
Lair:2:   lab_entry_generic, st_stairs_3
Lair:3:   gammafunk_lair_enchanted_lake, minmay_snake_entry_six_corridors,
          minivault_11
Lair:4:   elwin_shoals_entry_stream, uniq_kirke
Lair:5:   slime_altar_1, grunt_megastairs_3, uniq_snorg, uniq_nessos
Lair:6:   cheibrodos_lair_end_hotspot
Snake:1:  grunt_megastairs_4
Snake:2:  minmay_shop_star
Snake:3:  lightli_airlock
Snake:4:  grunt_snake_rune_pools, serial_shops, nicolae_shop_stone
Orc:1:    nicolae_orc_accident_3
Orc:2:    pf_orc_diabolical, serial_shops, shop, library_closet
Vaults:1: v_rooms_4, nicolae_vaults_border_crossing, v_misc_28,
          hangedman_vaults_stream, dpeg_vaults_waves,
          vaults_room_grunt_arrival_ludios, v_rooms_2, grunt_vaults_diagonal,
          ontoclasm_vaults_twist
Vaults:2: nicolae_vaults_angled_halls, minmay_crypt_entry_simple_statues,
          special_room_vaults, v_misc_25, nicolae_vaults_mini_display_case,
          nicolae_vaults_gold_heap, v_misc_19, uniq_saint_roka, uniq_donald
Depths:1: pf_hell_entry_great_geh, abyss_entry, rand_demon_pan_entry_3,
          kennysheep_small_circle, minmay_shoptagon
Lab:      labyrinth_hidden_loot, nicolae_lab_stuck, nicolae_lab_quarters,
          labyrinth_glass_1

Skill      XL: |  1  2  3  4  5  6  7  8  9 10 11 12 13 14 15 16 17 18 |
---------------+-------------------------------------------------------+-----
Unarmed Combat | 1 2 3 4 5 6 7 8 10 11 12 13 15 16 17 18 19 | 19.4
Shields        | 1 2 3 4 5 6 7 8 9 10 11 12 13 14 | 14.2
Dodging        | 4 5 |  5.5
Fighting       | 5 6 7 8 9 10 11 12 13 14 15 | 15.7
Armour         | 1 3 5 6 7 8 9 10 11 12 13 | 13.8
Invocations    | 4 7 8 |  8.1
Stealth        | |  3.6

Action                   |  1- 3 |  4- 6 |  7- 9 | 10-12 | 13-15 | 16-18 | 19-21 || total
-------------------------+-------+-------+-------+-------+-------+-------+-------++-------
Melee: Unarmed           |   143 |   267 |   315 |   692 |  1467 |  1687 |   164 ||  4735
       Punch             |       |     1 |       |       |       |       |       ||     1
       Headbutt          |       |       |    41 |   155 |   387 |   430 |    46 ||  1059
Invok: Recall Ancestor   |       |       |     2 |     5 |     5 |    13 |     2 ||    27
       Ancestor Life: He |       |       |     1 |       |       |       |       ||     1
       Idealise          |       |       |       |     1 |     5 |     4 |       ||    10
       Transference      |       |       |       |       |     1 |       |       ||     1
Evoke: Wand              |       |       |       |       |    14 |     3 |       ||    17
       Sack of spiders   |       |       |       |       |       |     1 |       ||     1
  Use: Potion            |       |     5 |     3 |     3 |     1 |     6 |     1 ||    19
       Scroll            |       |       |       |     7 |    18 |    11 |     1 ||    37
 Stab: Sleeping          |     4 |     3 |     6 |       |       |     1 |       ||    14
       Distracted        |     1 |     2 |     6 |    10 |    24 |    25 |     1 ||    69
       Invisible         |       |       |     2 |       |       |     3 |       ||     5
       Confused          |       |       |     1 |     1 |    15 |     4 |     8 ||    29
       Paralysed         |       |       |       |       |    26 |    44 |     3 ||    73
  Eat: Chunk             |     2 |    11 |    42 |    28 |    58 |    73 |     5 ||   219
       Bread ration      |       |       |       |     1 |       |       |       ||     1
Armor: Ring mail         |    47 |    85 |    43 |       |       |       |       ||   175
       Robe              |     3 |       |       |       |       |       |       ||     3
       Scale mail        |       |       |    16 |       |       |       |       ||    16
       Plate armour      |       |       |     4 |   223 |   496 |   548 |    40 ||  1311
       Chain mail        |       |       |     3 |       |       |       |       ||     3
Dodge: Dodged            |    87 |   102 |   101 |    76 |   230 |   317 |    29 ||   942
Block: Shield            |       |   114 |   163 |   306 |   761 |  1024 |    82 ||  2450

Vault maps used:
D:1:      dpeg_arrival_boxorama
D:2:      marbit_many_paths
D:3:      first_bread
D:4:      grunt_temple_overflow_open, kennysheep_little_box, st_stairs_5,
          trog_hazing_becter, uniq_pikel, uniq_grinder
D:5:      minmay_temple_entry_mist, bloody_trog
D:6:      basic_altar, uniq_crazy_yiuf_cottage
D:7:      cheibriados_altar_1, serial_shops, nicolae_shop_waterfront,
          grunt_ogre_cave, minivault_14, minmay_holes, grunt_ministairs_15
D:8:      uniq_gastronok
D:9:      lair_entry_dummy, kennysheep_orc_monster_closet_entryway
D:10:     serial_shops, nicolae_shop_temple_entry_statues_fountains
D:11:     billiards_dpeg
D:13:     david_vaults_4, uniq_josephine, uniq_sonja
D:14:     serial_shops, shop_fountains, basic_altar,
          nicolae_ru_the_path_less_chosen, yredelemnul_altar_generic,
          uniq_rupert
D:15:     gammafunk_enter_depths_forms, nrook_mini_backslash
Temple:   regret_index_temple_generic_petals
Lair:1:   lemuel_fruit_tree, infiniplex_staircase_pool_2,
          minmay_lair_oklob_chamber
Lair:2:   lab_entry_generic, st_stairs_3
Lair:3:   gammafunk_lair_enchanted_lake, minmay_snake_entry_six_corridors,
          minivault_11
Lair:4:   elwin_shoals_entry_stream, uniq_kirke
Lair:5:   slime_altar_1, grunt_megastairs_3, uniq_snorg, uniq_nessos
Lair:6:   cheibrodos_lair_end_hotspot
Snake:1:  grunt_megastairs_4
Snake:2:  minmay_shop_star
Snake:3:  lightli_airlock
Snake:4:  grunt_snake_rune_pools, serial_shops, nicolae_shop_stone
Orc:1:    nicolae_orc_accident_3
Orc:2:    pf_orc_diabolical, serial_shops, shop, library_closet
Vaults:1: v_rooms_4, nicolae_vaults_border_crossing, v_misc_28,
          hangedman_vaults_stream, dpeg_vaults_waves,
          vaults_room_grunt_arrival_ludios, v_rooms_2, grunt_vaults_diagonal,
          ontoclasm_vaults_twist
Vaults:2: nicolae_vaults_angled_halls, minmay_crypt_entry_simple_statues,
          special_room_vaults, v_misc_25, nicolae_vaults_mini_display_case,
          nicolae_vaults_gold_heap, v_misc_19, uniq_saint_roka, uniq_donald
Depths:1: pf_hell_entry_great_geh, abyss_entry, rand_demon_pan_entry_3,
          kennysheep_small_circle, minmay_shoptagon
Lab:      labyrinth_hidden_loot, nicolae_lab_stuck, nicolae_lab_quarters,
          labyrinth_glass_1
